 Dungeon Crawl Stone Soup version 0.27.1-34-g3ba077fa99 (webtiles) character file.

Game seed: 4057481753197964964

469 Cykl0x the Slasher (level 7, -3/61 HPs)
             Began as a Gargoyle Gladiator on Jan 5, 2022.
             Slain by Duvessa (6 damage)
             ... on level 4 of the Dungeon.
             The game lasted 00:07:06 (3847 turns).

Cykl0x the Slasher (Gargoyle Gladiator)             Turns: 3847, Time: 00:07:07

Health: -3/61      AC:  9    Str: 20    XL:     7   Next: 9%
Magic:  10/10      EV: 13    Int: 11    God:
Gold:   176        SH:  0    Dex: 17    Spells: 10/10 levels left

rFire    . . .     SeeInvis +   a - +0 long sword
rCold    . . .     Faith    .   (no shield)
rNeg     + . .     Spirit   .   b - +0 leather armour
rPois    ∞         Reflect  .   t - +0 helmet "Lazuij" {Slay+5 SInv}
rElec    +         Harm     .   (no cloak)
rCorr    .         Rampage  .   (no gloves)
Will     +....                  (no boots)
Stlth    ..........             (no amulet)
HPRegen  0.20/turn              f - ring of Nomyk {Wiz Will+ Int+3}
MPRegen  0.12/turn              o - +6 ring of dexterity

@: brilliant, berserking, very quick
A: sickness immunity, AC +4, negative energy resistance 1, electricity
resistance, torment resistance 1, petrification resistance
a: no special abilities


You were on level 4 of the Dungeon.
You visited 1 branch of the dungeon, and saw 4 of its levels.

You collected 176 gold pieces.

Inventory:

Hand Weapons
 a - a +0 long sword (weapon)
 n - a +0 rapier
Missiles
 g - 60 stones
 j - 9 poisoned darts
 m - 4 boomerangs (quivered)
 u - a curare-tipped dart
Armour
 b - a +0 leather armour (worn)
 c - a +0 helmet
 t - the +0 helmet "Lazuij" (worn) {Slay+5 SInv}
   (You acquired it on level 3 of the Dungeon)

   Slay:      It affects your accuracy & damage with ranged weapons and melee
   (+5).
   SInv:      It lets you see invisible.
Jewellery
 f - the ring of Nomyk (left hand) {Wiz Will+ Int+3}
   (You acquired it on level 3 of the Dungeon)

   [ring of wizardry]

   It improves your spell success rate.
   Int:       It affects your intelligence (+3).
   Will:      It increases your willpower.
 h - a +6 ring of intelligence
 k - a ring of see invisible
 o - a +6 ring of dexterity (right hand)
Wands
 r - a wand of digging (3)
Scrolls
 p - a scroll of identify
 q - a scroll of fear
 s - a scroll of fog
Potions
 d - a potion of lignification
 i - 2 potions of brilliance
 l - a potion of degeneration {unknown}


   Skills:
 + Level 3.0 Fighting
 + Level 4.0 Long Blades
 + Level 3.1 Throwing
 * Level 2.7 Armour
 + Level 3.0 Dodging
 * Level 2.1 Spellcasting
 * Level 2.8 Conjurations


You had 10 spell levels left.
You didn't know any spells.
Your spell library was empty.

Dungeon Overview and Level Annotations

Branches:
Dungeon (4/15)
 Temple: D:4-7

Altars:

Annotations:
D:4 Duvessa


Innate Abilities, Weirdness & Mutations

You are immune to sickness and miasma.
Your stone body is resilient. (AC +4)
You are immune to poison.
You resist negative energy. (rN+)
You are resistant to electric shocks. (rElec)
You are resistant to unholy torment.
You are immune to petrification.


Message History

You throw a boomerang. The boomerang closely misses Dowan.
Duvessa shouts!
You throw a boomerang. The boomerang hits Dowan.
Dowan is heavily wounded.
You throw a boomerang. The boomerang hits Dowan.
Dowan is severely wounded.
You throw a boomerang. The boomerang hits Dowan.
Dowan is severely wounded.
Dowan closely misses you.
You slash Dowan!
You kill Dowan!
Duvessa weeps, then rights herself and shakes her weapon.
Duvessa goes berserk!
Duvessa hits you with a +0 long sword!
Your Long Blades skill increases to level 4!
You have reached level 7!
You closely miss Duvessa. Duvessa hits you with a +0 long sword!
Your leather armour prevents you from hitting Duvessa.
Duvessa hits you with a +0 long sword! x2
* * * LOW HITPOINT WARNING * * *
You barely miss Duvessa. Duvessa misses you.
You riposte.
You hit Duvessa.
Duvessa is lightly wounded.
Duvessa barely misses you.
It was a potion of brilliance.
You feel clever all of a sudden. Duvessa misses you.
Okay, then.
It was a potion of berserk rage.
A red film seems to cover your vision as you go berserk!
You feel yourself moving faster!
You feel mighty! Duvessa barely misses you.
You riposte.
You hit Duvessa but do no damage.
Duvessa is lightly wounded.
Duvessa hits you with a +0 long sword!
* * * LOW HITPOINT WARNING * * *
You slash Duvessa!
Duvessa is moderately wounded.
Duvessa misses you.
You slash Duvessa!
Duvessa is heavily wounded.
Duvessa hits you with a +0 long sword.
You die...

########### ######### #.........#
#...#...# #.........##
####.^.#...# #..........#
#..........##### #....[.....#
####...........###..........## #
####.......................... #
#.##...............÷........<#
####.##.........@e..............#
.....##....######...............#
####....##......<....###.....##.#
..[.............†....).......##.#
####....#########....##......#..#
....†............................
.....................#.#.........
.......................#..##.....
.................................


You could see Duvessa (berserk).

Vanquished Creatures
  A black bear (D:4)
  A kobold brigand (D:4)
  Dowan (D:4)
  A howler monkey (D:4)
  Ijyb (D:3)
  A hound skeleton (D:4)
  3 gnolls (D:2)
  6 adders
  2 adder skeletons
  3 worms
  5 dart slugs
  2 orcs (D:4)
  6 ball pythons
  6 bats
  5 endoplasms
  5 giant cockroaches
  6 goblins
  7 hobgoblins
  2 quokkas (D:3)
  3 frilled lizards
  8 kobolds
  5 rats
80 creatures vanquished.

Notes
Turn   | Place    | Note
-------+----------+-------------------------------------------
     0 | D:1      | Cykl0x the Gargoyle Gladiator began the quest for the Orb.
     0 | D:1      | Reached XP level 1. HP: 12/12 MP: 1/1
   347 | D:1      | Reached XP level 2. HP: 17/17 MP: 2/2
   839 | D:1      | Reached skill level 3 in Long Blades
   839 | D:1      | Reached XP level 3. HP: 20/21 MP: 3/3
   864 | D:1      | Found a faded altar of an unknown god.
  1176 | D:2      | Reached skill level 1 in Armour
  1183 | D:2      | Reached skill level 1 in Conjurations
  1189 | D:2      | Reached XP level 4. HP: 20/27 MP: 3/5
  1581 | D:2      | Reached skill level 1 in Spellcasting
  2305 | D:3      | Reached XP level 5. HP: 28/31 MP: 6/6
  2546 | D:3      | Noticed Ijyb
  2559 | D:3      | Killed Ijyb
  3438 | D:3      | Identified 2 scrolls of acquirement
  3438 | D:3      | Acquired the +0 helmet "Lazuij" {Slay+5 SInv}
  3449 | D:3      | Acquired the ring of Nomyk {Wiz Will+ Int+3}
  3510 | D:4      | Noticed a kobold brigand
  3521 | D:4      | Killed a kobold brigand
  3522 | D:4      | Reached XP level 6. HP: 36/36 MP: 8/8
  3754 | D:4      | Noticed a black bear
  3759 | D:4      | Killed a black bear
  3834 | D:4      | Noticed Dowan
  3835 | D:4      | Noticed Duvessa
  3840 | D:4      | Killed Dowan
  3841 | D:4      | Reached skill level 4 in Long Blades
  3841 | D:4      | Reached XP level 7. HP: 33/41 MP: 10/10
  3845 | D:4      | HP: 3/61 [Duvessa (7)]
  3847 | D:4      | Slain by Duvessa

Illustrated notes

Levels and vault maps discovered:
D:1:      amcnicky_arrival_gap_in_the_tavern_cellar, layout_rooms,
          hellmonk_ecumenical_altar_leap_of_faith
D:2:      layout_loops_corners, minmay_hexomino_c4
D:3:      minmay_door_path, layout_loops_corners, uniq_ijyb
D:4:      layout_basic, uniq_duvessa

Skill      XL: |  1  2  3  4  5  6 |
---------------+-------------------+-----
Long Blades    | 3 4 |  4.0
Throwing       | 2 3 |  3.1
Armour         | 1 2 |  2.7
Conjurations   | 1 2 |  2.8
Spellcasting   | 1 2 |  2.1
Dodging        | 3 |  3.0
Fighting       | 3 |  3.0

Action                   |  1- 3 |  4- 6 |  7- 9 || total
-------------------------+-------+-------+-------++-------
Melee: Long sword        |    52 |   123 |     5 ||   180
Throw: Throwing net      |    11 |       |       ||    11
       Stone             |     8 |     4 |       ||    12
       Dart              |    13 |     7 |       ||    20
       Boomerang         |       |    51 |       ||    51
  Use: Scroll            |     3 |     5 |       ||     8
       Potion            |       |       |     2 ||     2
 Stab: Held in net/web   |     2 |       |       ||     2
Armor: Leather armour    |    18 |    54 |       ||    72
Dodge: Dodged            |    35 |    96 |     5 ||   136
       Rpst.: Long sword |     9 |    22 |     2 ||    33
